Map: King Sejong Station LE

Players

TRUE - Winner!

  • Race: Zerg Zerg

Polt

  • Race: Terran Terran

Event: 2016 WCS Summer Circuit Championship (DH Montreal)

VOD

https://youtu.be/mHmZh8wkQqQ?t=29m6s

Description

Time

  • Played on: Aug. 14, 2016, 3:22 p.m.
  • Length: 11:01

All games in this series

Show
View Real Time Build Order
Export as new Build Order

TRUE Zerg - Winner!

Build Orders: Hatch First, Muta Ling Bane 

Get SALT Encoding   

  12  0:00  Drone  
  13  0:12  Overlord  
  13  0:17  Drone  
  14  0:30  Drone  
  14  0:32  Drone  
  14  0:34  Drone  
  17  0:52  Hatchery  
  17  0:55  Drone  
  17  1:08  Spawning Pool  
  16  1:11  Drone  
  16  1:13  Extractor  
  16  1:16  Drone  
  17  1:20  Drone  
  18  1:30  Drone  
  19  1:39  Overlord  
  19  1:55  Queen  
  19  1:56  Zergling x2  
  19  2:00  Zergling x2  
  23  2:04  Queen, Zergling x2  
  26  2:10  Drone  
  26  2:14  Metabolic Boost  
  28  2:15  Drone  
  28  2:23  Drone  
  28  2:25  Drone  
  30  2:34  Queen  
  32  2:44  Drone x3  
  35  2:52  Pneumatized Carapace, Overlord  
  35  2:55  Drone  
  36  3:11  Drone  
  36  3:12  Drone x2  
  39  3:13  Overlord  
  39  3:14  Drone x2  
  39  3:15  Drone  
  39  3:18  Drone  
  43  3:20  Drone  
  44  3:34  Drone x3  
  47  3:44  Overlord  
  47  3:49  Drone x5  
  47  3:54  Evolution Chamber  
  47  3:55  Evolution Chamber, Hatchery  
  50  4:01  Queen  
  51  4:04  Overlord  
  51  4:08  Zergling x6  
  54  4:11  Zergling x2  
  54  4:14  Queen  
  57  4:17  Zergling x2  
  57  4:18  Zergling x2  
  57  4:22  Zergling x4  
  57  4:23  Zergling x2  
  57  4:24  Zergling x2  
  63  4:27  Overlord  
  63  4:31  Zergling x4  
  64  4:37  Zergling x2  
  66  4:39  Zergling x2  
  64  4:53  Zerg Ground Armor Level 1, Zerg Melee Weapons Level 1  
  64  5:04  Zergling x2  
  64  5:05  Zergling x12  
  68  5:15  Queen  
  68  5:16  Queen  
  68  5:17  Overlord  
  72  5:24  Overlord, Queen  
  72  5:28  Zergling x14  
  75  5:29  Zergling x2  
  75  5:30  Overlord  
  75  5:31  Overlord  
  82  5:36  Overlord  
  82  5:39  Overlord  
  82  5:43  Overlord  
  82  5:44  Drone x2  
  82  5:55  Queen  
  82  5:58  Spore Crawler  
  79  6:12  Zergling x2  
  79  6:13  Zergling x16  
  88  6:27  Zergling x6  
  88  6:28  Queen  
  88  6:29  Lair  
  88  6:30  Queen  
  94  6:39  Zergling x6  
  94  6:47  Zergling x2  
  86  6:48  Zergling x4  
  86  7:01  Baneling Nest  
  85  7:02  Drone x9  
  85  7:06  Drone  
  85  7:07  Hatchery  
  85  7:08  Drone  
  95  7:11  Extractor, Drone  
  95  7:12  Extractor  
  94  7:23  Drone x5  
  94  7:24  Drone  
  100  7:34  Spire  
  99  7:41  Drone x7  
  99  7:44  Overlord  
  106  7:45  Extractor  
  106  7:46  Overlord  
  106  7:47  Extractor x2  
  103  7:53  Zerg Ground Armor Level 2  
  103  7:55  Overlord  
  103  7:57  Overlord  
  101  8:01  Overlord  
  101  8:06  Zerg Melee Weapons Level 2  
  101  8:08  Drone x3  
  101  8:09  Drone x2  
  101  8:10  Zergling x6  
  109  8:13  Zergling x4  
  109  8:14  Zergling x2  
  109  8:16  Zergling x2  
  109  8:17  Zergling x2  
  114  8:20  Overlord  
  114  8:22  Zergling x2  
  114  8:23  Zergling x4  
  109  8:35  Centrifical Hooks  
  109  8:36  Overlord  
  109  8:38  Drone x4  
  109  8:39  Drone x2  
  115  8:46  Drone  
  115  8:48  Mutalisk, Zerg Flyer Weapons Level 1  
  116  8:49  Mutalisk x2  
  116  8:50  Mutalisk  
  116  8:54  Baneling  
  116  8:55  Baneling x2  
  121  8:58  Zergling x10  
  121  9:01  Mutalisk  
  128  9:04  Baneling  
  128  9:05  Baneling  
  128  9:06  Zergling x6  
  128  9:07  Zergling x2  
  128  9:08  Zergling x4  
  134  9:13  Overlord  
  133  9:18  Mutalisk  
  133  9:23  Mutalisk  
  129  9:28  Mutalisk  
  124  9:31  Mutalisk  
  124  9:34  Baneling x2  
  124  9:35  Baneling, Zergling x10  
  124  9:36  Zergling x8  
  124  9:37  Zergling x2  
  136  9:39  Zergling x2  
  136  9:40  Zergling x4  
  136  9:44  Baneling x6  
  136  9:45  Extractor  
  138  9:48  Zergling x6  
  138  9:50  Baneling x4  
  138  9:51  Zergling x2  
  142  9:53  Overseer  
  142  9:55  Zergling x4  
  143  10:00  Zergling x4  
  143  10:01  Zergling x4  
  143  10:03  Zergling x2  
  147  10:07  Zergling x2  
  147  10:09  Baneling  
  147  10:10  Baneling x9  
  147  10:12  Zergling x4  
  149  10:20  Zergling x6  
  139  10:32  Zergling x20  
  139  10:33  Zergling x2  
  139  10:35  Zergling x4  
  144  10:36  Mutalisk, Zergling x4  
Show
View Real Time Build Order
Export as new Build Order

Polt Terran 

Build Orders: Reaper Expand, MMM Bio 

Get SALT Encoding   

  12  0:00  SCV  
  13  0:12  SCV  
  14  0:17  Supply Depot  
  14  0:25  SCV  
  15  0:38  SCV  
  15  0:39  Barracks  
  16  0:44  Refinery  
  16  0:50  SCV  
  17  1:02  SCV  
  18  1:15  SCV  
  19  1:27  Reaper, Orbital Command  
  20  1:39  Command Center  
  20  1:52  Supply Depot  
  20  1:53  SCV  
  21  1:59  Marine  
  22  2:05  SCV  
  22  2:08  Factory  
  23  2:11  Refinery  
  23  2:17  SCV  
  23  2:20  Barracks Reactor  
  24  2:29  SCV  
  25  2:41  SCV  
  26  2:53  SCV, Orbital Command  
  27  2:58  Bunker  
  27  2:59  Starport, Marine x2  
  27  3:00  Factory Tech Lab  
  29  3:05  SCV  
  30  3:17  Marine x2, SCV  
  30  3:18  SCV  
  34  3:21  Siege Tank  
  34  3:24  Bunker  
  37  3:30  SCV x2  
  37  3:32  Supply Depot  
  39  3:38  Marine x2  
  39  3:40  Medivac  
  42  3:43  SCV  
  42  3:44  SCV  
  44  3:53  Widow Mine  
  46  3:55  SCV  
  46  3:56  Marine x2, SCV  
  46  3:58  Supply Depot  
  50  4:08  SCV x2  
  52  4:11  Medivac  
  52  4:13  Supply Depot  
  54  4:18  Supply Depot  
  54  4:19  Marine x2  
  56  4:25  SCV x2  
  58  4:37  Factory Reactor, SCV  
  58  4:38  Command Center, SCV  
  60  4:44  Viking  
  62  4:46  Supply Depot  
  62  4:49  SCV  
  62  4:50  SCV  
  61  4:59  Barracks x2  
  61  5:02  Marine  
  61  5:03  Stimpack  
  61  5:05  SCV x2  
  64  5:07  Refinery  
  64  5:08  Refinery  
  64  5:15  Starport Reactor  
  64  5:17  SCV x2  
  66  5:21  Engineering Bay x2  
  66  5:29  SCV x2  
  66  5:30  Marine  
  66  5:33  Hellion x2  
  73  5:37  Supply Depot  
  73  5:49  SCV x2  
  75  6:07  Marine x4, SCV x2  
  77  6:18  Orbital Command  
  77  6:23  Terran Infantry Armor Level 1, Terran Infantry Weapons Level 1  
  74  6:29  Factory Reactor, Marine x3  
  74  6:30  Starport Reactor, Barracks x2  
  74  6:31  Barracks x2, SCV x2  
  77  6:33  Barracks  
  69  6:40  Marine x2  
  69  6:46  Marine  
  40  7:05  Marine x5, Orbital Command  
  40  7:06  Orbital Command  
  36  7:10  Combat Shields  
  36  7:11  Widow Mine x2  
  40  7:20  Marine x2  
  44  7:23  Barracks Reactor  
  44  7:24  Barracks Reactor  
  44  7:28  Medivac x2  
  46  7:32  SCV x3  
  49  7:37  Marine x4  
  49  7:38  Marine x3  
  49  7:39  Supply Depot  
  49  7:41  Widow Mine x2  
  60  7:46  SCV x2  
  60  7:47  SCV  
  63  7:54  Armory  
  63  8:00  SCV x3  
  66  8:08  Marine x9  
  66  8:12  Marine x2  
  76  8:19  Supply Depot  
  77  8:21  Supply Depot  
  77  8:26  Orbital Command  
  77  8:31  Widow Mine  
  76  8:39  SCV  
  76  8:40  Widow Mine, Medivac x2, SCV  
  84  8:56  Supply Depot  
  84  8:57  Supply Depot  
  84  8:59  Supply Depot  
  84  9:03  SCV x3  
  84  9:06  Widow Mine  
  84  9:08  Widow Mine  
  91  9:12  Marine  
  91  9:13  Marine  
  93  9:17  Marine x4  
  93  9:18  Marine x3  
  93  9:23  SCV x3  
  92  9:35  SCV  
  93  9:45  Marine x4  
  97  9:51  Marine x2  
  99  9:55  Marine  
  90  10:00  Marine x3  
  93  10:12  Marine x7  
  93  10:13  Marine  
  100  10:17  Marine x2  
  100  10:18  Marine  
  88  10:29  Marine  
  88  10:30  Marine x6  
  88  10:31  Marine  
  88  10:35  Marine x2  
Tags
 
Add a new tag
Caveats
  • Supply blocks, unpowered buildings, or Contaminate may cause inaccurate times.
  • Supply counts are checked every 10 seconds.